 Dungeon Crawl Stone Soup version 0.27.1-34-g3ba077fa99 (webtiles) character file.

Game seed: 11002888174063930365

30 Delamore the Sneak (level 3, -1/25 HPs)
             Began as an Octopode Brigand on Jan 16, 2022.
             Slain by a gnoll (10 damage)
             ... on level 1 of the Dungeon.
             The game lasted 00:01:26 (680 turns).

Delamore the Sneak (Octopode Brigand)                Turns: 680, Time: 00:01:27

Health: -1/25      AC:  1    Str: 10    XL:     3   Next: 20%
Magic:  3/3        EV: 13    Int: 13    God:
Gold:   59         SH:  0    Dex: 14    Spells: 2/2 levels left

rFire    . . .     SeeInvis .   a - +2 dagger
rCold    . . .     Faith    .   (no shield)
rNeg     . . .     Spirit   .   (helmet restricted)
rPois    .         Reflect  .   (no amulet)
rElec    .         Harm     .   (no ring)
rCorr    .         Rampage  .   (no ring)
Will     .....                  (no ring)
Stlth    ++++......             (no ring)
HPRegen  0.08/turn              (no ring)
MPRegen  0.08/turn              (no ring)
                                (no ring)
                                (no ring)

@: no status effects
A: almost no armour, amphibious, 8 rings, camouflage 1, gelatinous body 1,
(nimble swimmer 1), tentacles
a: no special abilities


You were on level 1 of the Dungeon.
You visited 1 branch of the dungeon, and saw 2 of its levels.

You collected 59 gold pieces.

Inventory:

Hand Weapons
 a - a +2 dagger (weapon)
Missiles
 b - 8 poisoned darts (quivered)
 c - 2 curare-tipped darts
Scrolls
 e - a scroll of enchant weapon {unknown}
 f - 2 scrolls of blinking {unknown}
Potions
 d - a potion of curing {unknown}
 g - 2 potions of mutation {unknown}
 h - 2 potions of brilliance {unknown}
 i - a potion of lignification {unknown}


   Skills:
 + Level 2.4 Fighting
 + Level 2.4 Short Blades
 - Level 2.0 Throwing
 + Level 1.6 Dodging
 + Level 5.7 Stealth


You had 2 spell levels left.
You didn't know any spells.
Your spell library was empty.

Dungeon Overview and Level Annotations

Branches:
Dungeon (2/15)

Altars:

Shops:
D:1 [


Innate Abilities, Weirdness & Mutations

You cannot wear most types of armour.
You are amphibious.
You can wear up to eight rings at the same time.
Your skin changes colour to match your surroundings (Stealth+).
Your rubbery body absorbs attacks. (AC +1, EV +1)
((You are camouflaged near water. (Stealth+)))
You have tentacles for arms and can constrict up to eight enemies at once.


Message History

A gnoll comes into view. It is wielding a +0 spear.
There are monsters nearby!
A gnoll comes into view. It is wielding a +0 whip.
A gnoll comes into view. It is wielding a +0 spear.
The gnoll moves out of view.
The gnoll shouts!
The gnoll closely misses you.
The gnoll shouts!
The gnoll hits you with a +0 spear.
You hit the gnoll but do no damage. You grab the gnoll.
You constrict the gnoll, but do no damage.
The gnoll hits you with a +0 spear.
The gnoll hits you from afar with a +0 spear.
You release your grip on the gnoll.
The gnoll hits you from afar with a +0 spear.
The gnoll throws a throwing net.
The throwing net barely misses you.
There is a stone staircase leading up here.
The gnoll throws a throwing net.
The throwing net hits you.
You become entangled in the net!
You stop ascending the stairs.
You tear a large gash into the net.
You struggle against the net.
The gnoll barely misses you.
You shred the net and break free! The gnoll misses you. x2
Found 20 arrows.
A jackal comes into view.
Found a scroll labelled OGAEPL ANIV.
A jackal comes into view.
Found 24 stones.
A quokka comes into view.
The quokka bites you.
There is a stone staircase leading up here.
The quokka bites you but does no damage.
The gnoll misses you.
You climb upwards.
There is a stone staircase leading down here.
You hit the quokka. Your grab misses the quokka.
Your squeeze misses the quokka.
The quokka is heavily wounded.
The quokka closely misses you. The gnoll hits you with a +0 whip!
You die...

####################
#..@r...............
#..g##......########
#....#...#.......###
#.#.....#_#.........
#.##.#...#..#.##.###
#................#
####..........####
#######....#
###....#


You could see a gnoll and a quokka.

Vanquished Creatures
  An adder (D:2)
  2 goblins (D:1)
  4 hobgoblins
  A kobold (D:2)
  A quokka (D:1)
  8 bats
17 creatures vanquished.

Notes
Turn   | Place    | Note
-------+----------+-------------------------------------------
     0 | D:1      | Delamore the Octopode Brigand began the quest for the Orb.
     0 | D:1      | Reached XP level 1. HP: 14/14 MP: 1/1
   100 | D:1      | Reached XP level 2. HP: 19/19 MP: 2/2
   328 | D:1      | Found a faded altar of an unknown god.
   382 | D:1      | Found Zauwn's Antique Armour Emporium.
   566 | D:2      | Reached XP level 3. HP: 25/25 MP: 3/3
   680 | D:1      | Slain by a gnoll

Illustrated notes

Levels and vault maps discovered:
D:1:      psy_arrival_whirlpool, layout_basic, chequers_ecumenical_altar_simple,
          serial_shops, nicolae_shop_crystal
D:2:      layout_rooms, minmay_rat_hole, uniq_terence

Action                   || total
-------------------------++-------
Melee: Dagger            ||    31
       Tentacles         ||     8
       Constrict         ||     9
 Stab: Sleeping          ||     5
Armor: Skin              ||    10
Dodge: Dodged            ||    28
